 Dungeon Crawl Stone Soup version 0.23-a0-333-g006994f (webtiles) character file.

1796 rabbit the Sneak (level 9, -5/57 HPs)
             Began as an Octopode Wizard on Oct 17, 2018.
             Slain by a purple ugly thing (22 damage)
             ... on level 6 of the Dungeon.
             The game lasted 01:03:49 (11187 turns).

rabbit the Sneak (Octopode Wizard)                 Turns: 11187, Time: 01:03:50

Health: -5/57      AC:  3    Str:  6    XL:     9   Next: 9%
Magic:  0/16       EV: 15    Int: 23    God:
Gold:   334        SH:  0    Dex: 17    Spells: 2/18 levels left

rFire    . . .     SeeInvis .   a - +2 dagger (protect)
rCold    . . .     Gourm    .   (no shield)
rNeg     . . .     Faith    .   d - +2 hat
rPois    .         Spirit   .   E - amulet of regeneration
rElec    .         Reflect  .   h - +6 ring of dexterity
rCorr    .         Harm     .   (no ring)
MR       .....                  (no ring)
Stlth    ++++......             (no ring)
HPRegen  0.59/turn              (no ring)
MPRegen  0.15/turn              (no ring)
                                (no ring)
                                (no ring)

@: no status effects
A: almost no armour, stealthy swim, amphibious, 8 rings, constrict 8, camouflage
1, gelatinous body 1
a: no special abilities


You were on level 6 of the Dungeon.
You were not hungry.

You visited 1 branch of the dungeon, and saw 6 of its levels.

You collected 334 gold pieces.

Inventory:

Hand Weapons
 a - a +2 dagger of protection (weapon)
 b - a +0 hunting sling
 j - a +0 short sword of electrocution
 A - a +0 spear
 B - the +3 whip of Eternal Vigilance {protect, *Noise +Blink rF+++ MR-}
   (You found it on level 6 of the Dungeon)

   It protects the one who uses it against injury (+AC on strike).
   It renders you almost immune to fire.
   It affects your resistance to hostile enchantments.
   It lets you blink.
   It may make noises in combat.
 G - a +0 hand crossbow
Missiles
 i - 150 arrows
 n - 162 stones
 t - 28 sling bullets
 z - 12 javelins (quivered)
 H - 39 bolts
Armour
 d - a +2 hat (worn)
Jewellery
 h - a +6 ring of dexterity (left tentacle)
 E - an amulet of regeneration (around mantle)
Scrolls
 f - a scroll of teleportation
 g - 9 scrolls of identify
 w - 3 scrolls of remove curse
 y - 2 scrolls of enchant weapon
Potions
 e - a potion of ambrosia {unknown}
 k - 3 potions of heal wounds
 o - 2 potions of resistance {unknown}
 p - 5 potions of degeneration {unknown}
 q - 2 potions of berserk rage {unknown}
 r - 6 potions of agility {unknown}
 u - a potion of curing {unknown}
 v - a potion of cancellation {unknown}
 x - 2 potions of haste
 C - a potion of might {unknown}
Comestibles
 c - 6 rations
 F - 3 chunks of flesh


   Skills:
 + Level 3.6 Fighting
 + Level 4.3 Dodging
 + Level 6.1 Stealth
 * Level 5.0 Spellcasting
 * Level 4.1 Conjurations
 - Level 2.8 Summonings
 - Level 3.0 Translocations
 * Level 3.2 Fire Magic
 + Level 2.8 Air Magic
 - Level 3.0 Poison Magic


You had 2 spell levels left.
You knew the following spells:

 Your Spells              Type           Power        Failure   Level  Hunger
a - Magic Dart            Conj           ###.         1%          1    None
b - Blink                 Tloc           N/A          4%          2    None
c - Call Imp              Summ           ###.....     4%          2    None
d - Conjure Flame         Conj/Fire      ###.....     6%          3    ##.....
e - Mephitic Cloud        Conj/Pois/Air  ###.....     7%          3    ##.....
f - Fireball              Conj/Fire      ###.......   50%         5    #####..

Your spell library contained the following spells:

 Spells                   Type           Power        Failure   Level  Hunger
 Flame Tongue             Conj/Fire      ###..        1%          1    None
 Throw Flame              Conj/Fire      ###...       3%          2    None
 Slow                     Hex            #.......     14%         2    None
 Inner Flame              Hex/Fire       ##......     14%         3    ##.....
 Sticky Flame             Conj/Fire      ###.....     21%         4    ####...


Dungeon Overview and Level Annotations

Branches:
Dungeon (6/15)
 Temple: D:4-7

Altars:
Makhleb
Sif Muna

Annotations:
D:5 ogres


Innate Abilities, Weirdness & Mutations

You cannot wear most types of armour.
You are very stealthy in the water. (Stealth+)
You are amphibious.
You can wear up to eight rings at the same time.
You can use your tentacles to constrict eight enemies at once.
Your skin changes colour to match your surroundings (Stealth+).
Your rubbery body absorbs attacks. (AC +1, EV +1)


Message History

The purple ugly thing is moderately wounded.
You constrict the purple ugly thing.
The purple ugly thing closely misses you.
You hit the purple ugly thing.
The purple ugly thing is moderately wounded.
You constrict the purple ugly thing.
The purple ugly thing barely misses you.
You hit the purple ugly thing.
The purple ugly thing is moderately wounded.
You constrict the purple ugly thing. The purple ugly thing bites you!!
* * * LOW HITPOINT WARNING * * *
Casting: Mephitic Cloud (safe; 7% risk of failure)
Confirm with . or Enter, or press ? or * to list all spells.
You blink.
You lose your grip on the purple ugly thing.
Casting: Blink (safe; 4% risk of failure)
Confirm with . or Enter, or press ? or * to list all spells.
You blink.
The purple ugly thing bites you!!
You die...

######################## ###
.............)...#.....###.#
.......÷.)...'...#.....#..##
##''########'#...#PP♣..#..##
..).....)#...#.u.#♣PP..#...#
.........#)..#..@#♣P♣..#..## #
.........#.>.#####♣PP.....# #
.........#...#P♣♣♣P♣(..##.## #
##########'''#PPPPP...###..# #
♣♣..P♣♣♣♣..).♣PPP♣P...# #..######
♣P..PP♣PP......♣P.....###........
.P..P♣P♣P.....P.P....###.......##
....P.P.)...............[....####
................##......>....##


You could see a purple ugly thing.

Vanquished Creatures
  Eustachio (D:4)
  7 ogres
  A centaur (D:6)
  A big kobold (D:6)
  A scorpion (D:3)
  A howler monkey (D:6)
  2 crimson imps (D:6)
  A bullfrog zombie (D:6)
  6 hounds
  A gnoll shaman (D:6)
  An orc priest (D:4)
  A centaur skeleton (D:5)
  Jessica (D:3)
  4 orc wizards
  2 worker ants (D:5)
  2 worker ant zombies (D:6)
  4 adders
  3 gnolls (D:6)
  A shadow imp (D:6)
  An ooze (D:4)
  An adder skeleton (D:4)
  3 worms
  6 dart slugs
  5 leopard geckos
  22 orcs
  A ball python (D:5)
  5 giant cockroaches
  19 hobgoblins
  11 jackals
  7 bats
  7 frilled lizards
  9 goblins
  A jackal zombie (D:6)
  13 kobolds
  A leopard gecko skeleton (D:6)
  A quokka zombie (D:6)
  4 rats
158 creatures vanquished.

Vanquished Creatures (others)
  A plant (D:6)
1 creature vanquished.

Grand Total: 159 creatures vanquished

Notes
Turn   | Place    | Note
-------+----------+-------------------------------------------
     0 | D:1      | rabbit the Octopode Wizard began the quest for the Orb.
     0 | D:1      | Reached XP level 1. HP: 11/11 MP: 4/4
   428 | D:1      | Reached XP level 2. HP: 18/18 MP: 1/6
   432 | D:1      | Learned a level 2 spell: Blink
   435 | D:1      | Learned a level 2 spell: Call Imp
   643 | D:1      | Reached skill level 3 in Stealth
  1194 | D:1      | Reached XP level 3. HP: 22/22 MP: 7/7
  1203 | D:1      | Learned a level 3 spell: Conjure Flame
  1808 | D:2      | Reached skill level 1 in Fighting
  2232 | D:2      | Reached XP level 4. HP: 28/28 MP: 0/8
  2944 | D:3      | Found a burning altar of Makhleb.
  2993 | D:3      | Noticed Jessica
  3431 | D:3      | Reached XP level 5. HP: 12/33 MP: 1/10
  4189 | D:4      | Learned a level 3 spell: Mephitic Cloud
  4772 | D:3      | Reached XP level 6. HP: 29/39 MP: 11/11
  4994 | D:3      | Killed Jessica
  4994 | D:3      | Reached skill level 4 in Stealth
  5844 | D:4      | Reached skill level 1 in Poison Magic
  5844 | D:4      | Reached XP level 7. HP: 21/45 MP: 1/12
  6068 | D:4      | Reached skill level 1 in Air Magic
  6190 | D:4      | Noticed Eustachio
  6513 | D:5      | Entered Level 5 of the Dungeon
  6665 | D:4      | Killed Eustachio
  7212 | D:5      | Reached skill level 1 in Fire Magic
  7403 | D:5      | Reached skill level 5 in Stealth
  7639 | D:5      | Reached XP level 8. HP: 50/51 MP: 10/14
  8347 | D:6      | Noticed a purple ugly thing
  9394 | D:6      | Learned a level 5 spell: Fireball
 10028 | D:6      | Got a blackened whip
 10029 | D:6      | Identified the +3 whip of Eternal Vigilance {protect,
                  | *Noise +Blink rF+++ MR-} (You found it on level 6 of the
                  | Dungeon)
 10371 | D:6      | Found a deep blue altar of Sif Muna.
 10899 | D:6      | Reached skill level 6 in Stealth
 10899 | D:6      | Reached XP level 9. HP: 57/57 MP: 13/16
 11070 | D:6      | Reached skill level 5 in Spellcasting
 11187 | D:6      | Slain by a purple ugly thing

Vault maps used:
D:1:      minmay_arrival_arboretum_small
D:3:      bloody_makhleb, uniq_jessica
D:4:      uniq_eustachio
D:5:      first_ration
D:6:      kennysheep_housing_project, minitemple, grunt_ministairs_12,
          hangedman_minor_gate_pass

Skill      XL: |  1  2  3  4  5  6  7  8  9 |
---------------+----------------------------+-----
Stealth        | 3 4 5 6 |  6.1
Fighting       | 1 2 3 |  3.6
Conjurations   | 2 3 4 |  4.1
Translocations | 2 3 |  3.0
Summonings     | 2 |  2.8
Dodging        | 3 4 |  4.3
Poison Magic   | 1 2 3 |  3.0
Air Magic      | 1 2 |  2.8
Spellcasting   | 4 5 |  5.0
Fire Magic     | 1 3 |  3.2

Action                   |  1- 3 |  4- 6 |  7- 9 || total
-------------------------+-------+-------+-------++-------
Melee: Unarmed           |    37 |    25 |       ||    62
       Constrict         |    10 |    19 |    41 ||    70
       Tentacles         |     8 |    19 |    38 ||    65
       Dagger            |       |    59 |   170 ||   229
 Fire: Hunting sling     |       |     5 |    45 ||    50
Throw: Stone             |       |     1 |       ||     1
       Javelin           |       |       |     1 ||     1
 Cast: Magic Dart        |    97 |    95 |   112 ||   304
       Call Imp          |       |     4 |       ||     4
       Mephitic Cloud    |       |    12 |    46 ||    58
       Conjure Flame     |       |     6 |     1 ||     7
       Blink             |       |     2 |    12 ||    14
  Use: Scroll            |     2 |     6 |     6 ||    14
       Potion            |       |     1 |       ||     1
 Stab: Sleeping          |     3 |     2 |     4 ||     9
       Confused          |       |     1 |    12 ||    13
  Eat: Chunk             |     3 |     7 |    12 ||    22
       Ration            |       |     2 |     2 ||     4
Armor: Skin              |    10 |     6 |    46 ||    62
Dodge: Dodged            |    36 |    65 |   145 ||   246

Table legend:
 A = Non-vault XP
 B = Vault XP
 C = Vault XP percentage of total XP
 D = Non-vault monster count
 E = Vault monster count
 F = Vault count percentage of total count
                 A         B        C        D         E       F
            +---------+---------+-------+---------+---------+-------
      Total |    1518 |    1049 |  40.9 |     121 |      37 |  23.4
            +---------+---------+-------+---------+---------+-------
        D:1 |      40 |       0 |   0.0 |      20 |       0 |   0.0
        D:2 |      54 |       0 |   0.0 |      24 |       0 |   0.0
        D:3 |     136 |      37 |  21.4 |      22 |       1 |   4.3
        D:4 |     576 |     211 |  26.8 |      29 |       1 |   3.3
        D:5 |     540 |       0 |   0.0 |      13 |       0 |   0.0
        D:6 |     172 |     801 |  82.3 |      13 |      35 |  72.9
            +---------+---------+-------+---------+---------+-------
